cohdb
Replays
Latest Replays
All Replays
Popular Replays
Top Player Replays
Match Explorer
How It Works
Community
CoH3 Stats
Reddit
Sign in to upload your games and track your stats! →
Sign in with Steam
BRRRRRRRRRRRRRRRRRRRR
Match 41078383
Overview
Messages
Build Orders
End
Pioneer Squad
Construct Infanterie Kompanie
Selects Terror Battlegroup
Selects Machine Gun Camouflage
Grenadier Squad
MG 42 Machine Gun Team
MG 42 Machine Gun Team
Grenadier Squad
Construct Luftwaffe Kompanie
Flak 30 Anti-aircraft Gun Team
221 Scout Car
Medical Bunker
Jäger Squad
Luftwaffe Officer Quarters
Support Elements
Selects No Quarter
Jäger Squad
Wirbelwind Flakpanzer
Wirbelwind Flakpanzer
Wirbelwind Flakpanzer
Jäger Squad
Selects King Tiger Heavy Tank
Wirbelwind Flakpanzer
Selects Contempt for the Weak
Selects Propaganda Leaflet Drop
Propaganda Leaflet Drop
MG 42 Machine Gun Team
UMirinBrah?
DexN
0
0
Comments
sign in to comment!
No comments posted yet!